 Dungeon Crawl Stone Soup version 0.31-a0-675-g238779eb0a (webtiles) character file.

Game seed: 1257318113115070819

4930 lunkers the Martial Artist (level 11, 0/78 HPs)
             Began as a Meteoran Shapeshifter on Sept 5, 2023.
             Was a High Priest of Okawaru.
             Slain by a wraith (12 damage)
             ... on level 9 of the Dungeon.
             The game lasted 00:16:57 (4672 turns).

lunkers the Martial Artist (Meteoran Shapeshifter)  Turns: 4672, Time: 00:16:57

Health: 0/78       AC:  0    Str: 15    XL:     11   Next: 8%
Magic:  14/16      EV: 18    Int: 18    God:    Okawaru [*****.]
Gold:   637        SH:  5    Dex: 19    Spells: 10/10 levels left

rFire   . .          .
                       - Unarmed
rCold   . . .        (no shield)
rNeg    . . .        q - melded +2 ring mail {rC+}
rPois   .            (no helmet)
rElec   .            (no cloak)
rCorr   .            (no gloves)
SInv    .            (no boots)
Will    +....        n - amulet of reflection
Stlth   ++           o - +6 ring of intelligence
HPRegen 0.33/turn    (no ring)
MPRegen 0.15/turn

%: reflection
@: maw-form, heroic, marked, on berserk cooldown, slowed, glowing, very slow
A: devouring maw, reduced hp, sense surroundings 2, otherworldly, glowing,
explore regen
a: Begin Untransformation, Renounce Religion, Heroism, Finesse, Duel


You were on level 9 of the Dungeon.
You worshipped Okawaru.
Okawaru was extremely pleased with you.
You were a creature with a mouth for a stomach.
You visited 1 branch of the dungeon, and saw 9 of its levels.
You also visited: Ossuary.

You collected 637 gold pieces.

Inventory:

Hand Weapons
 x - the +9 hand cannon of the Howling Hero {elec, Int+5}
   (You found it on level 7 of the Dungeon)

   Int+5:     It affects your intelligence (+5).
Armour
 m - a +1 cloak
 p - the +2 pair of boots of Wesumuy {rCorr Dex+3}
   (You acquired it in an ossuary)

   Dex+3:     It affects your dexterity (+3).
   rCorr:     It protects you from acid and corrosion.
 q - a +2 ring mail of cold resistance (melded)
Jewellery
 j - a ring of positive energy
 n - an amulet of reflection (around neck)
 o - a +6 ring of intelligence (left hand)
Talismans
 c - a beast talisman
 d - a flux talisman
 l - a maw talisman (active)
Wands
 u - a wand of light (5)
 C - a wand of mindburst (5)
Scrolls
 e - a scroll of amnesia
 f - 4 scrolls of teleportation
 g - a scroll of immolation
 h - a scroll of poison
 y - a scroll of fog {unknown}
 D - a scroll of brand weapon
Potions
 a - 3 potions of mutation
 b - a potion of lignification
 i - 2 potions of berserk rage
 k - 6 potions of might
 r - a potion of invisibility
 s - a potion of haste {unknown}
 t - a potion of brilliance
 v - a potion of heal wounds
 w - 8 potions of curing
 z - 2 potions of enlightenment
 A - 2 potions of attraction
 B - a potion of degeneration {unknown}


   Skills:
 + Level 4.0(9.0) Fighting
 + Level 4.4(9.4) Dodging
 * Level 13.5(18.5) Unarmed Combat
 + Level 6.0 Invocations
 + Level 9.3 Shapeshifting


You had 10 spell levels left.
You didn't know any spells.
Your spell library contained the following spells:

 Spells                   Type           Power      Damage    Failure   Level
 Lesser Beckoning         Tloc           0%         N/A       32%         2
 Scorch                   Fire           0%         2d5       32%         2
 Frozen Ramparts          Ice            0%         1d1       54%         3
 Gell's Gravitas          Tloc           0%         N/A       54%         3
 Teleport Other           Tloc           0%         N/A       54%         3
 Flame Wave               Conj/Fire      0%         2d4       91%         4
 Petrify                  Tmut/Erth      0%         N/A       91%         4
 Metabolic Englaciation   Hex/Ice        0%         N/A       99%         5
 Summon Cactus Giant      Summ           Unusable   N/A       N/A         6

Dungeon Overview and Level Annotations

Branches:
Dungeon (9/15) Zot: 1107   Temple (0/1) D:7         Ossuary (visited)
   Lair: D:8-11         Orc: D:9-12

Altars:
Ashenzari
Gozag
Okawaru
Uskayaw
Yredelemnul
Zin

Shops:
D:4 =   D:6 !


Innate Abilities, Weirdness & Mutations

You are a creature with a mouth for a stomach.
Your midsection houses a second, enormous mouth.
Your maximum health is decreased, since you lack skill for your form.
You passively map the area around you.
You are easily found by Zot.
You glow in the dark.
You regain HP and MP as you explore.


Message History

Okawaru accepts your kill.
You have reached level 11!
You closely miss the bullfrog. You bite the bullfrog!
The bullfrog is moderately wounded.
The bullfrog misses you.
You pummel the bullfrog!!
You devour the bullfrog!
You feel better.
You kill the bullfrog!
Okawaru accepts your kill.
Your Invocations skill increases to level 6!
You swing at nothing.
An orc warrior comes into view. It is wielding a +0 battleaxe.
You punch the shadow! Your punch misses the shadow. You bite the shadow!
You destroy the shadow!
Okawaru accepts your kill.
Your base Fighting skill increases to level 4!
You swing at nothing.
An orc comes into view. It is wielding a +0 whip.
An orc comes into view. It is wielding a +0 club.
You swing at nothing.
You feel a strong urge to attack something.
You swing at nothing.
An orc comes into view. It is wielding a +0 hand axe.
You feel your anger nearly subside.
You are no longer berserk.
You are exhausted.
You feel yourself slow down.
Things that are here:
a wyvern corpse; a troll corpse You pummel the orc!!
You devour the orc!
You feel better.
You kill the orc!
Okawaru accepts your kill.
You punch the wraith! Your bite misses the wraith.
The wraith is moderately damaged.
The wraith hits you.
* * * LOW HITPOINT WARNING * * *
The wraith drains your vigour!
You feel as though you will be slow longer.
You punch the wraith! You bite the wraith.
The wraith is severely damaged.
The wraith hits you!
You die...

, #....# #...# #..# * #....#
#...# #..# #....# #...# #<.# *,
#....# #...# #..# * #....# #...#
#..# *, #....# #...# #..## ,
#....# #)..#####.... ,
..######....######........)...
.............WWo.oo.......))..
*..........#####o.########..###
.#######..# #..# #..# * #..# #..#
#..### * * #..# #..# #..... *
#..# #..# #..... ##.#######..#
#..# #.....
,............#####..########.....
...................)........####


You could see a wraith, an orc warrior and 3 orcs.

Vanquished Creatures
  A centaur warrior (D:8)
  Maurice (D:8)
  A troll (D:9)
  Prince Ribbit (D:7)
  A shadow (D:9)
  2 wyverns
  A steam dragon (D:7)
  A water moccasin (D:6)
  An ice beast (D:7)
  2 orc warriors
  A black bear (D:5)
  An ogre (D:4)
  2 centaurs
  A phantom (D:7)
  A kobold brigand (D:9)
  5 bullfrogs
  2 scorpions
  A wyvern zombie (D:8)
  2 elf skeletons (D:6)
  4 wights (D:9)
  7 killer bees (D:7)
  2 centaur zombies (Ossuary)
  2 human zombies
  4 orc priests
  2 human skeletons (D:6)
  3 iguanas (D:6)
  A sleepcap (D:7)
  11 orc wizards
  3 hound zombies (Ossuary)
  3 mummies (Ossuary)
  Robin (D:3)
  A howler monkey zombie (D:8)
  10 adders
  A shadow imp (D:5)
  2 white imps (D:7)
  2 ufetubi (D:5)
  4 adder zombies (Ossuary)
  A worm (D:2)
  2 dart slugs (D:5)
  33 orcs
  2 ball pythons
  9 endoplasms
  A gnoll zombie (Ossuary)
  13 goblins
  8 hobgoblins
  3 jackals (D:1)
  8 kobolds
  A quokka (D:2)
  5 bats
  3 frilled lizards
  7 goblin zombies (Ossuary)
  5 hobgoblin zombies (Ossuary)
  2 jackal zombies (Ossuary)
  A kobold zombie (Ossuary)
  An orc skeleton (D:6)
  An orc zombie (Ossuary)
  3 quokka zombies (Ossuary)
  4 rats
  4 rat zombies (Ossuary)
208 creatures vanquished.

Notes
Turn   | Place    | Note
-------+----------+-------------------------------------------
     0 | D:1      | lunkers the Meteoran Shapeshifter began the quest for the
                  | Orb.
     0 | D:1      | Reached XP level 1. HP: 16/16 MP: 2/2
    48 | D:1      | Reached XP level 2. HP: 23/23 MP: 3/3
    50 | D:1      | Reached skill level 4 in Unarmed Combat
   215 | D:1      | Reached XP level 3. HP: 16/28 MP: 4/4
   460 | D:2      | Found an iron altar of Okawaru.
   470 | D:2      | Became a worshipper of Warmaster Okawaru
   479 | D:2      | Reached XP level 4. HP: 15/35 MP: 5/5
   651 | D:2      | Reached skill level 5 in Unarmed Combat
   755 | D:3      | Found an iron altar of Okawaru.
   775 | D:3      | Reached XP level 5. HP: 21/40 MP: 6/6
   780 | D:3      | HP: 2/40 [something (1)]
   832 | D:3      | Noticed Robin
   849 | D:3      | Reached skill level 6 in Unarmed Combat
   861 | D:3      | Killed Robin
   984 | D:3      | Reached XP level 6. HP: 43/47 MP: 7/7
  1532 | D:4      | Reached skill level 5 in Shapeshifting
  1574 | D:4      | Found a broken altar of Ashenzari.
  1608 | D:4      | Noticed an ogre
  1616 | D:4      | Killed an ogre
  1616 | D:4      | Reached * piety under Okawaru
  1617 | D:4      | Reached skill level 7 in Unarmed Combat
  1738 | D:4      | Reached XP level 7. HP: 51/52 MP: 8/8
  1804 | D:4      | Found Peipett's Jewellery Shop.
  1838 | D:5      | Entered Level 5 of the Dungeon
  1845 | D:5      | Found an opulent altar of Gozag.
  1960 | D:5      | Reached skill level 8 in Unarmed Combat
  2152 | D:5      | Reached ** piety under Okawaru
  2153 | D:5      | Reached XP level 8. HP: 59/59 MP: 9/9
  2299 | D:5      | Found a glowing silver altar of Zin.
  2300 | D:5      | Noticed an angel
  2538 | D:6      | Reached skill level 9 in Unarmed Combat
  2717 | D:6      | Found a sand-covered staircase.
  2736 | Ossuary  | Entered an ossuary
  2828 | Ossuary  | Reached skill level 10 in Unarmed Combat
  2869 | Ossuary  | Reached skill level 1 in Invocations
  2904 | Ossuary  | Gained mutation: You passively map the area around you.
                  | [Meteoran growth]
  2904 | Ossuary  | Reached XP level 9. HP: 64/64 MP: 9/11
  2996 | Ossuary  | Identified a scroll of acquirement
  2996 | Ossuary  | Acquired the +2 pair of boots of Wesumuy {rCorr Dex+3}
  3203 | D:6      | Found Rupu's Distillery.
  3282 | D:7      | Reached *** piety under Okawaru
  3366 | D:7      | Reached skill level 11 in Unarmed Combat
  3432 | D:7      | Identified the +9 hand cannon of the Howling Hero {elec,
                  | Int+5}
  3574 | D:7      | Found a staircase to the Ecumenical Temple.
  3584 | D:7      | Reached skill level 12 in Unarmed Combat
  3636 | D:7      | Reached XP level 10. HP: 71/71 MP: 11/14
  3640 | D:7      | Reached **** piety under Okawaru
  3859 | D:7      | Noticed Prince Ribbit
  3875 | D:7      | Killed Prince Ribbit
  4080 | D:8      | Noticed a manticore
  4102 | D:8      | Noticed a centaur warrior
  4109 | D:8      | Killed a centaur warrior
  4110 | D:8      | Reached skill level 5 in Invocations
  4113 | D:8      | Reached skill level 13 in Unarmed Combat
  4196 | D:8      | Noticed Maurice
  4228 | D:8      | Killed Maurice
  4229 | D:8      | Found a basalt altar of Yredelemnul.
  4323 | D:8      | Found a hide-covered altar of Uskayaw.
  4470 | D:9      | Reached ***** piety under Okawaru
  4661 | D:9      | Reached XP level 11. HP: 8/83 MP: 13/16
  4672 | D:9      | Slain by a wraith

Illustrated notes

Levels and vault maps discovered:
D:1:      minmay_arrival_checkered_box, layout_rooms
D:2:      layout_loops_ring, basic_altar, kennysheep_generic_room_12
D:3:      kennysheep_six_static_rooms, layout_basic, okawaru_metal_pillars_1_2,
          uniq_robin
D:4:      layout_loops_ring, nicolae_ashenzari_panopticon, kennysheep_mini,
          nicolae_overflow_hidden_temple, serial_shops, shop_statue
D:5:      layout_basic, zin_angel, mainiacjoe_overflow_tiny_flanked, minmay_puff
D:6:      layout_loops_ring, trog_hazing_becter,
          nicolae_ossuary_entry_catacombs, serial_shops, nicolae_diamond_shop
D:7:      layout_basic, minmay_temple_entry_wispy, kennysheep_generic_room_13,
          uniq_prince_ribbit1
D:8:      layout_gridville, lemuel_zombie_altar_yredelemnul,
          nicolae_uskayaw_murder_on_the_dancefloor, pf_just_have_faith,
          wad_dig_loot, uniq_maurice
D:9:      layout_small_grid, ebering_dispersal_statue_hall

Skill      XL: |  1  2  3  4  5  6  7  8  9 10 11 |
---------------+----------------------------------+-----
Unarmed Combat | 4 5 6 7 8 10 12 13 | 13.5
Shapeshifting  | 4 5 6 7 8 9 |  9.3
Invocations    | 1 4 5 6 |  6.0
Fighting       | 3 4 |  4.0
Dodging        | 4 |  4.4

Action                     |  1- 3 |  4- 6 |  7- 9 | 10-12 || total
---------------------------+-------+-------+-------+-------++-------
  Melee: Unarmed           |    55 |   120 |   308 |   112 ||   595
         Punch             |       |     4 |    24 |    12 ||    40
         Maw               |       |       |       |    21 ||    21
   Fire: Hand cannon       |       |       |     4 |       ||     4
 Invoke: Heroism           |       |       |     5 |     1 ||     6
    Use: Potion            |       |     1 |       |     1 ||     2
         Scroll            |       |       |    16 |     3 ||    19
 Armour: Animal skin       |    27 |    56 |       |       ||    83
         Skin              |       |    10 |       |    21 ||    31
         Ring mail         |       |     4 |   151 |    33 ||   188
  Dodge: Dodged            |    19 |    38 |   111 |    53 ||   221
  Block: Other             |       |     6 |    48 |    16 ||    70
         Reflection        |       |       |     2 |     6 ||     8
   Form: Maw               |       |       |       |     1 ||     1

Table legend: (Time is in decaauts)
 A = Elapsed time spent in this place.
 B = Non-inter-level travel time spent in this place.
 C = Inter-level travel time spent in this place.
 D = Time resting spent in this place.
 E = Time spent auto-exploring this place.
 F = Levels seen in this place.
 G = Mean time per level.
                   A        B        C        D        E       F      G
               +--------+--------+--------+--------+--------+-----+--------+
         Total |   4564 |   4344 |    220 |     15 |   3030 |  10 |  456.4 |
       Dungeon |   4291 |   4071 |    220 |     15 |   2909 |   9 |  476.8 |
       Ossuary |    273 |    273 |      0 |      0 |    121 |   1 |  273.0 |
               +--------+--------+--------+--------+--------+-----+--------+

Top non-repeatable levels by time:
     D:3: 749 daAuts
     D:7: 607 daAuts
     D:5: 599 daAuts
     D:6: 520 daAuts
     D:2: 496 daAuts
     D:8: 473 daAuts
     D:4: 339 daAuts
 Ossuary: 273 daAuts
     D:9: 272 daAuts
     D:1: 232 daAuts
